 Dungeon Crawl Stone Soup version 0.29.0-15-g675c0067aa (webtiles) character file.

Game seed: 16525395779132028782

9 qw the Sneak (level 2, 0/19 HPs)
             Began as a Gargoyle Delver on Sept 11, 2022.
             Slain by Ijyb
             ... wielding a +0 club
              (3 damage)
             ... on level 3 of the Dungeon.
             The game lasted 00:00:12 (872 turns).

qw the Sneak (Gargoyle Delver)                       Turns: 872, Time: 00:00:13

Health: 0/19       AC:  5    Str: 15    XL:     2   Next: 12%
Magic:  2/2        EV: 11    Int: 10    God:
Gold:   0          SH:  0    Dex: 11    Spells: 1/1 levels left

rFire   . . .      SeeInvis .   a - +0 hand axe
rCold   . . .      Faith    .   (no shield)
rNeg    + . .      Spirit   .   b - +0 leather armour
rPois   inf        Reflect  .   (no helmet)
rElec   +          Harm     .   (no cloak)
rCorr   .          Rampage  .   (no gloves)
Will    .....                   (no boots)
Stlth   +.........              (no amulet)
HPRegen 0.06/turn               (no ring)
MPRegen 0.08/turn               (no ring)

@: confused
A: sickness immunity, AC +2, negative energy resistance 1, electricity
resistance, torment resistance 1, petrification resistance
a: no special abilities


You were on level 3 of the Dungeon.
You visited 1 branch of the dungeon, and saw 3 of its levels.


Innate Abilities, Weirdness & Mutations

You are immune to sickness and miasma.
Your stone body is resilient. (AC +2)
You are immune to poison.
You resist negative energy. (rN+)
You are resistant to electric shocks. (rElec)
You are resistant to unholy torment.
You are immune to petrification.


   Skills:
 - Level 3.2 Fighting
 + Level 2.5 Axes
 - Level 1.5 Dodging
 - Level 5.4 Stealth


You had one spell level left.
You didn't know any spells.
Your spell library was empty.

Inventory:

Hand Weapons
 a - a +0 hand axe (weapon)
 h - a +0 flail
Armour
 b - a +0 leather armour (worn)
 c - a +0 ring mail
Wands
 g - a wand of digging (3)
Scrolls
 d - a scroll of poison {unknown}
Potions
 f - a potion of haste

Dungeon Overview and Level Annotations

Branches:
Dungeon (5/15)
 Temple: D:4-7

Altars:

Annotations:
D:3 Ijyb


Message History

Done waiting.
752 ||| Stepping ~*~*~tactically~*~*~ (hiding).
You start waiting.
Done waiting.
Ijyb zaps a wand.
You resist with significant effort.
855 ||| Stepping ~*~*~tactically~*~*~ (hiding).
Ijyb zaps a wand.
Your will is overpowered!
You are confused.
Ijyb zaps a wand.
Your will is overpowered!
You are more confused.
You bump into the rock wall.
Ijyb hits you with a +0 club.
You bump into the rock wall.
Ijyb hits you but does no damage. Ijyb attacks as you move away!
Ijyb hits you with a +0 club.
Ijyb screams, "Get away!"
You barely miss Ijyb. Ijyb hits you with a +0 club.
You bump into the rock wall.
Ijyb hits you but does no damage.
You're too confused to move!
Ijyb screams, "I cut your head off!" Ijyb hits you with a +0 club.
You barely miss Ijyb.
Ijyb zaps a wand.
You resist with significant effort. Ijyb hits you with a +0 club.
You hit Ijyb but do no damage. Ijyb hits you with a +0 club.
Ijyb zaps a wand.
Your will is overpowered!
You are more confused.
You barely miss Ijyb.
Ijyb zaps a wand.
You resist with significant effort.
You hit Ijyb but do no damage. Ijyb closely misses you.
You're too confused to move!
Ijyb hits you with a +0 club.
You bump into the rock wall.
Ijyb hits you with a +0 club.
You bump into the rock wall.
Ijyb hits you with a +0 club.
You die...

##.#
#.##..
#)#####..#
#.####
#.......##
#..
##.>.....#
###
#######.#
#.....#.#
#.......#
#.###g###
#@# #.#
#.# #+#


You could see Ijyb.

Vanquished Creatures
  A worm (D:4)
  3 giant cockroaches (D:3)
  A hobgoblin (D:3)
5 creatures vanquished.

Vanquished Creatures (others)
  2 fungi (D:3)
2 creatures vanquished.

Grand Total: 7 creatures vanquished

Notes
Turn   | Place    | Note
-------+----------+-------------------------------------------
     0 | D:5      | qw the Gargoyle Delver began the quest for the Orb.
     0 | D:5      | Reached XP level 1. HP: 14/14 MP: 1/1
     0 | D:5      | 0 ||| qw: Version: 0.1-a-118-gb4e7ce6
     0 | D:5      | 0 ||| qw: Game counter: 10589
     0 | D:5      | 0 ||| qw: Always use a shield: true
     0 | D:5      | 0 ||| qw: God list: Okawaru
     0 | D:5      | 0 ||| qw: Allow faded altars: false
     0 | D:5      | 0 ||| qw: Do Orc after D:15 true
     0 | D:5      | 0 ||| qw: Do second Lair branch before Depths: true
     0 | D:5      | 0 ||| qw: Lair rune preference: random
     0 | D:5      | 0 ||| qw: Plans: Normal
     0 | D:5      | 0 ||| PLANNING D:1-11
    19 | D:5      | 19 ||| DROPPING scroll of fog.
    20 | D:5      | 20 ||| DROPPING scroll of magic mapping.
    21 | D:5      | 21 ||| DROPPING scroll of fear.
    63 | D:4      | HP: 1/14 [worm (8)]
   456 | D:3      | Reached XP level 2. HP: 8/19 MP: 2/2
   649 | D:3      | Noticed Ijyb
   650 | D:3      | 650 ||| Stepping ~*~*~tactically~*~*~ (hiding).
   752 | D:3      | 752 ||| Stepping ~*~*~tactically~*~*~ (hiding).
   855 | D:3      | 855 ||| Stepping ~*~*~tactically~*~*~ (hiding).
   870 | D:3      | HP: 4/19 [Ijyb/+0 club (2)]
   872 | D:3      | Slain by Ijyb

Levels and vault maps discovered:
D:3:      layout_basic, uniq_terence, uniq_ijyb, uniq_crazy_yiuf_cottage
D:4:      layout_basic, chei_slow_surprise, kennysheep_small_circle, uniq_robin
D:5:      layout_basic, old_standard_altar,
          mainiacjoe_overflow_concentric_impassable,
          yredelemnul_forgotten_temple_becter, minivault_19

Skill      XL: |  1 |
---------------+----+-----
Axes           | 2 |  2.5
Fighting       | |  3.2
Dodging        | |  1.5
Stealth        | |  5.4

Action                   || total
-------------------------++-------
Melee: Hand axe          ||    34
Armor: Leather armour    ||     6
Dodge: Dodged            ||    18

Table legend:
 A = Non-vault XP
 B = Vault XP
 C = Vault XP percentage of total XP
 D = Non-vault monster count
 E = Vault monster count
 F = Vault count percentage of total count
                 A         B        C        D         E       F
            +---------+---------+-------+---------+---------+-------
      Total |      13 |       0 |   0.0 |       5 |       0 |   0.0
            +---------+---------+-------+---------+---------+-------
        D:3 |       8 |       0 |   0.0 |       4 |       0 |   0.0
        D:4 |       5 |       0 |   0.0 |       1 |       0 |   0.0
            +---------+---------+-------+---------+---------+-------
